 Dungeon Crawl Stone Soup version 0.31-a0-557-g6e16503903 (webtiles) character file.

Game seed: 9309267265999142747

245 Xavori the Sneak (level 6, -1/43 HPs)
             Began as an Octopode Chaos Knight on Aug 17, 2023.
             Was a Plaything of Xom.
             Slain by a wyvern (14 damage)
             ... on level 4 of the Dungeon.
             The game lasted 00:02:35 (10651 turns).

Xavori the Sneak (Octopode Chaos Knight)           Turns: 10651, Time: 00:02:36

Health: -1/43      AC:  1    Str: 15    XL:     6   Next: 10%
Magic:  6/6        EV: 18    Int: 14    God:    Xom [....*.]
Gold:   134        SH:  0    Dex: 10    Spells: 5/5 levels left

rFire   + . .        a - +0 short sword (chaos)
rCold   . . .        (no shield)
rNeg    . . .        (helmet restricted)
rPois   +            p - amulet of regeneration
rElec   +            l - ring of resist corrosion
rCorr   +            q - +5 ring of evasion
SInv    +            (no ring)
Will    .....        (no ring)
Stlth   ++++         (no ring)
HPRegen 1.07/turn    (no ring)
MPRegen 0.10/turn    (no ring)
                     (no ring)

%: no passive effects
@: resistant
A: almost no armour, amphibious, 8 rings, camouflage 1, gelatinous body 1,
(nimble swimmer 1), tentacles, tentacle spike 1, see invisible, clumsy 1, sense
surroundings 1, strong 1, cold vulnerability 1
a: Renounce Religion


You were on level 4 of the Dungeon.
You worshipped Xom.
You were a beloved toy of Xom.
You visited 1 branch of the dungeon, and saw 4 of its levels.

You collected 134 gold pieces.

Inventory:

Hand Weapons
 a - a +0 short sword of chaos (weapon)
Jewellery
 l - a ring of resist corrosion (left tentacle)
 o - a ring of ice
 p - an amulet of regeneration (around mantle)
 q - a +5 ring of evasion (right tentacle)
Talismans
 k - a flux talisman
Scrolls
 b - a scroll of butterflies
 c - a scroll of torment {unknown}
 f - 2 scrolls of amnesia {unknown}
 i - 2 scrolls of identify {unknown}
 j - 3 scrolls of teleportation {unknown}
 n - a scroll of enchant armour {unknown}
 s - a scroll of noise {unknown}
 t - a scroll of vulnerability {unknown}
Potions
 d - a potion of cancellation {unknown}
 e - 3 potions of curing {unknown}
 g - 4 potions of attraction {unknown}
 h - 2 potions of ambrosia {unknown}
 m - a potion of resistance
 r - a potion of enlightenment {unknown}


   Skills:
 + Level 3.8 Fighting
 + Level 4.1 Short Blades
 + Level 2.9 Dodging
 + Level 4.8 Stealth
 * Level 1.5 Shapeshifting


You had 5 spell levels left.
You didn't know any spells.
Your spell library contained the following spells:

 Spells                   Type           Power      Damage    Failure   Level
 Blink                    Tloc           0%         N/A       41%         2
 Lesser Beckoning         Tloc           0%         N/A       41%         2
 Momentum Strike          Conj/Tloc      0%         3d8       41%         2
 Gell's Gravitas          Tloc           0%         N/A       65%         3
 Teleport Other           Tloc           0%         N/A       65%         3
 Animate Dead             Necr           0%         N/A       96%         4
 Dispersal                Tloc           0%         N/A       100%        6
 Haunt                    Necr/Summ      0%         N/A       100%        7
 Infestation              Necr           0%         N/A       100%        8


Dungeon Overview and Level Annotations

Branches:
Dungeon (4/15)
 Temple: D:4-7

Altars:
Elyvilon

Shops:
D:2 =


Innate Abilities, Weirdness & Mutations

You cannot wear most types of armour.
You are amphibious.
You can wear up to eight rings at the same time.
Your skin changes colour to match your surroundings (Stealth+).
Your rubbery body absorbs attacks. (AC +1, EV +1)
((You are camouflaged when in or above water. (Stealth+)))
You have tentacles for arms and can constrict up to eight enemies at once.
One of your tentacles bears a spike.
You have supernaturally acute eyesight. (SInv)
You are clumsy. (Dex -2)
You passively map a small area around you.
Your muscles are strong. (Str +4, Int/Dex -1)
You are vulnerable to cold. (rC-)


Message History

You swap places.
There is a white marble altar of Elyvilon here.
Your +0 giant club falls from the air.
t - a scroll labelled XYGERA HEITIPT No target in view!
A worm comes into view. "Hum-dee-hum-dee-hum..."
The worm evaporates and reforms as a wyvern!
A wyvern is nearby!
The wyvern hisses angrily.
You hit the wyvern but do no damage.
You pierce the wyvern, but do no damage.
The wyvern barely misses you.
You barely miss the wyvern. The wyvern misses you.
The wyvern closely misses you.
Unknown command.
You hit the wyvern but do no damage.
Your tentacle spike misses the wyvern.
Your squeeze misses the wyvern. The wyvern closely misses you.
You closely miss the wyvern.
You pierce the wyvern.
The wyvern is lightly wounded.
The wyvern barely misses you.
You hit the wyvern. You freeze the wyvern.
You pierce the wyvern.
You squeeze the wyvern.
The wyvern is heavily wounded.
The wyvern barely misses you.
You barely miss the wyvern. Your squeeze misses the wyvern.
The wyvern is heavily wounded.
The wyvern bites you!
You closely miss the wyvern.
Your tentacle spike misses the wyvern.
The wyvern is heavily wounded.
The wyvern bites you!!
* * * LOW HITPOINT WARNING * * *
The wyvern misses you.
You are too injured to fight recklessly!
Okay, then.
It was a potion of resistance.
You feel protected. The wyvern bites you!
You die...
Xom chuckles heartily!

, , ........._.....#
......#.....#..# ,, ,
#..............# , .,
#.....#.⌠.⌠.#.## ,......
######.#.........#
......#.#.##.#.#.....#.#
#............#..)......####
*....##......##.........[.# *
#..#.##.l@......##........
#.....##........###.......
#...............##........
#####............###........
#.......##..............#...
#.......#........##.###....#
##.........##........###.#...
##.......##.##................
####......).##..................#


You could see a wyvern.

Vanquished Creatures
  A hound (D:3)
  An adder (D:4)
  6 orcs (D:3)
  6 bats
  5 endoplasms
  2 giant cockroaches
  3 goblins
  3 hobgoblins
  4 jackals (D:1)
  4 kobolds
  2 quokkas
  6 ball pythons
  4 frilled lizards
  6 rats
53 creatures vanquished.

Vanquished Creatures (collateral kills)
  An ogre (D:4)
  A jelly (D:4)
  A sleepcap (D:4)
  An endoplasm (D:4)
  A goblin (D:4)
5 creatures vanquished.

Grand Total: 58 creatures vanquished

Notes
Turn   | Place    | Note
-------+----------+-------------------------------------------
     0 | D:1      | Xavori the Octopode Chaos Knight began the quest for the
                  | Orb.
     0 | D:1      | Reached XP level 1. HP: 16/16 MP: 1/1
    57 | D:1      | Reached XP level 2. HP: 21/21 MP: 2/2
   246 | D:1      | Reached skill level 1 in Stealth
   261 | D:1      | XOM: silly message
   325 | D:1      | Reached XP level 3. HP: 26/26 MP: 3/3
   971 | D:1      | XOM: give mutations
   971 | D:1      | Gained mutation: You expend magic power (3 MP) to
                  | strengthen your wands. [Xom's mischief]
   971 | D:1      | Gained mutation: Your flesh is cold resistant. (rC+) [Xom's
                  | mischief]
   971 | D:1      | Gained mutation: You are clumsy. (Dex -2) [Xom's mischief]
   971 | D:1      | Gained mutation: You sometimes lose your temper in combat.
                  | [Xom's mischief]
  1645 | D:1      | XOM: noise
  1919 | D:1      | XOM: stat loss: -1 Str (10/11)
  2622 | D:1      | XOM is BORED!
  2622 | D:1      | XOM: noise
  2699 | D:1      | XOM is BORED!
  2709 | D:1      | XOM: silly message
  4078 | D:1      | XOM: give mutation
  4078 | D:1      | Gained mutation: Your body sometimes deteriorates upon
                  | taking damage. [Xom's mischief]
  4125 | D:1      | XOM: stat loss: -1 Int (13/14)
  4200 | D:1      | XOM: noise
  4259 | D:1      | XOM: god gift: scratched cabochon ring {god gift}
  4577 | D:1      | XOM: god gift: book of Spatial Translocations
  4711 | D:1      | XOM is BORED!
  4711 | D:1      | XOM: give mutation
  4711 | D:1      | Gained mutation: You have an uncontrollable temper. [Xom's
                  | mischief]
  5601 | D:1      | XOM: scenery: summon butterflies
  5707 | D:1      | XOM: god gift: 2 metallic ruby potions {god gift}
  7768 | D:1      | XOM: give mutations
  7768 | D:1      | Lost mutation: You are clumsy. (Dex -2) [Xom's mischief]
  7768 | D:1      | Gained mutation: You are clumsy. (Dex -2) [Xom's mischief]
  7768 | D:1      | Gained mutation: Your muscles are strong. (Str +4, Int/Dex
                  | -1) [Xom's mischief]
  7768 | D:1      | Lost mutation: You expend magic power (3 MP) to strengthen
                  | your wands. [Xom's mischief]
  8144 | D:1      | XOM: torment (14/26 hp)
  8367 | D:1      | XOM: give mutations
  8367 | D:1      | Gained mutation: You passively map a small area around you.
                  | [Xom's mischief]
  8367 | D:1      | Lost mutation: You have an uncontrollable temper. [Xom's
                  | mischief]
  8367 | D:1      | Gained mutation: One of your tentacles bears a spike.
                  | [Xom's mischief]
  8408 | D:1      | XOM: silly message
  9340 | D:1      | XOM: give mutations
  9340 | D:1      | Lost mutation: Your flesh is cold resistant. (rC+) [Xom's
                  | mischief]
  9340 | D:1      | Lost mutation: Your body sometimes deteriorates upon taking
                  | damage. [Xom's mischief]
  9340 | D:1      | Gained mutation: You are covered in fur. (AC +1) [Xom's
                  | mischief]
  9354 | D:1      | XOM: give mutations
  9354 | D:1      | Lost mutation: You sometimes lose your temper in combat.
                  | [Xom's mischief]
  9354 | D:1      | Gained mutation: You have supernaturally acute eyesight.
                  | (SInv) [Xom's mischief]
  9354 | D:1      | Lost mutation: You are covered in fur. (AC +1) [Xom's
                  | mischief]
  9354 | D:1      | Gained mutation: You are vulnerable to cold. (rC-) [Xom's
                  | mischief]
  9444 | D:1      | XOM: summons 1 hostile shadow creature
  9675 | D:2      | Found Tuloov's Jewellery Shop.
 10124 | D:3      | XOM: scenery: summon butterflies
 10129 | D:3      | Reached XP level 4. HP: 24/32 MP: 4/4
 10325 | D:3      | XOM: 1-stop teleportation journey
 10545 | D:4      | Noticed an ogre
 10548 | D:4      | Killed an ogre
 10549 | D:4      | Reached skill level 1 in Shapeshifting
 10549 | D:4      | Reached XP level 5. HP: 32/37 MP: 5/5
 10577 | D:4      | Reached XP level 6. HP: 43/43 MP: 6/6
 10616 | D:4      | Found a white marble altar of Elyvilon.
 10638 | D:4      | a worm changed into a wyvern
 10638 | D:4      | Noticed a wyvern
 10638 | D:4      | XOM: polymorph worm -> wyvern
 10651 | D:4      | Slain by a wyvern

Illustrated notes

Levels and vault maps discovered:
D:1:      dpeg_arrival_lava_altar, layout_basic, minmay_pentomino_r2
D:2:      layout_rooms, serial_shops, nicolae_shop_tiny_waterfront,
          minmay_misc_feat_diagonals
D:3:      layout_basic
D:4:      cheibrodos_helix_gallery, layout_cave_pools, elyvilon_altar_5,
          minmay_misc_feat_five, dk_noncrumbling_4

Skill      XL: |  1  2  3  4  5 |
---------------+----------------+-----
Stealth        | 1 2 4 |  4.8
Shapeshifting  | 1 |  1.5
Short Blades   | 4 |  4.1
Fighting       | |  3.8
Dodging        | |  2.9

Action                     |  1- 3 |  4- 6 || total
---------------------------+-------+-------++-------
  Melee: Short sword       |    75 |    31 ||   106
         Constrict         |    12 |     5 ||    17
         Tentacles         |     6 |     5 ||    11
         Punch             |     1 |     1 ||     2
         Kick              |     8 |     8 ||    16
    Use: Potion            |       |     1 ||     1
   Stab: Sleeping          |     7 |     3 ||    10
 Armour: Skin              |     5 |       ||     5
  Dodge: Dodged            |    40 |    20 ||    60

Table legend: (Time is in decaauts)
 A = Elapsed time spent in this place.
 B = Non-inter-level travel time spent in this place.
 C = Inter-level travel time spent in this place.
 D = Time resting spent in this place.
 E = Time spent auto-exploring this place.
 F = Levels seen in this place.
 G = Mean time per level.
                   A        B        C        D        E       F      G
               +--------+--------+--------+--------+--------+-----+--------+
         Total |  10632 |  10547 |     85 |   8769 |   1453 |   4 | 2658.0 |
       Dungeon |  10632 |  10547 |     85 |   8769 |   1453 |   4 | 2658.0 |
               +--------+--------+--------+--------+--------+-----+--------+

Top non-repeatable levels by time:
     D:1: 9436 daAuts
     D:3: 692 daAuts
     D:2: 386 daAuts
     D:4: 116 daAuts
